 Dungeon Crawl Stone Soup version 0.28.0 (webtiles) character file.

Game seed: 2100401519162543483

17550 jimeh the Severer (level 12, -22/110 HPs)
             Began as a Minotaur Berserker on Feb 7, 2022.
             Was an Elder of Trog.
             Annihilated by a boulder beetle (50 damage)
             ... on level 12 of the Dungeon.
             The game lasted 00:29:19 (11827 turns).

jimeh the Severer (Minotaur Berserker)             Turns: 11827, Time: 00:29:20

Health: -22/110    AC:  6    Str: 32    XL:     12   Next: 19%
Magic:  11/11      EV: 13    Int:  4    God:    Trog [****..]
Gold:   312        SH:  7    Dex: 13    Spells: 11/11 levels left

rFire   . . .      SeeInvis .   y - +5 hand axe
rCold   . . .      Faith    .   G - +2 buckler
rNeg    . . .      Spirit   .   D - +1 leather armour "Dasuliy" {Contam Rampage Str+8 Slay+5}
rPois   .          Reflect  .   (helmet restricted)
rElec   .          Harm     .   o - +0 cloak
rCorr   .          Rampage  +   (no gloves)
Will    +....                   (no boots)
Stlth   +.........              (no amulet)
HPRegen 0.28/turn               t - +4 ring of slaying
MPRegen 0.12/turn               x - ring of willpower

@: no status effects
A: horns 2, retaliatory headbutt
a: Renounce Religion, Berserk, Trog's Hand, Brothers in Arms


You were on level 12 of the Dungeon.
You worshipped Trog.
Trog was greatly pleased with you.
You visited 1 branch of the dungeon, and saw 14 of its levels.

You collected 661 gold pieces.
You spent 349 gold pieces at shops.

Inventory:

Hand Weapons
 a - a +0 hand axe
 e - the +7 mace of Variability {chain chaos}
   (You found it on level 9 of the Dungeon)

   Each time it hits an enemy it has a different, random effect.
   It occasionally unleashes arcs of chaos on nearby creatures upon striking a
   foe.
 q - a +0 war axe
 y - a +5 hand axe (weapon)
 B - a +4 battleaxe
Missiles
 g - 8 javelins (quivered)
 n - 15 poisoned darts
 z - 2 curare-tipped darts
 C - a throwing net
Armour
 o - a +0 cloak (worn)
 D - the +1 leather armour "Dasuliy" (worn) {Contam Rampage Str+8 Slay+5}
   (You found it on level 11 of the Dungeon)

   Str:       It affects your strength (+8).
   Slay:      It affects your accuracy & damage with ranged weapons and melee
   (+5).
   Contam:    It causes magical contamination when unequipped.
   Rampage:   It bestows one free step when moving towards enemies.
 G - a +2 buckler (worn)
 J - +0 swamp dragon scales
Jewellery
 t - a +4 ring of slaying (left hand)
 x - a ring of willpower (right hand)
 F - a ring of ice
Wands
 k - a wand of iceblast (30)
 m - a wand of flame (18)
 r - a wand of digging (5)
Scrolls
 f - 2 scrolls of teleportation
 h - a scroll of identify
 i - 2 scrolls of summoning
 l - 4 scrolls of fear
 p - 5 scrolls of fog
 u - a scroll of silence
 v - 2 scrolls of magic mapping
 A - 4 scrolls of vulnerability
 I - 3 scrolls of noise
Potions
 b - 3 potions of heal wounds
 c - 5 potions of attraction
 d - a potion of invisibility
 j - 5 potions of curing
 s - 3 potions of resistance
 w - a potion of mutation {unknown}
 E - a potion of degeneration {unknown}


   Skills:
 - Level 11.6 Fighting
 + Level 17.2 Axes
 + Level 10.5 Armour
 - Level 5.0 Dodging
 - Level 6.0 Shields


You had 11 spell levels left.
You didn't know any spells.
Your spell library was empty.

Dungeon Overview and Level Annotations

Branches:
Dungeon (14/15)            Temple (0/1) D:5            Lair (0/6) D:8
    Orc (0/2) D:9          Vaults (0/5) D:13

Altars:
Cheibriados
Elyvilon
Fedhas
Gozag
Hepliaklqana
Sif Muna
Trog
Wu Jian
Xom
Zin
The Shining One

Shops:
D:8 ?

Annotations:
D:9 2 transporters, Vixxxy's ghost, journeyman TeFE
D:14 2 transporters, lyrin's ghost, journeyman TrFi


Innate Abilities, Weirdness & Mutations

You have a pair of horns on your head.
You reflexively headbutt those who attack you in melee.


Message History

The vampire mosquito bites you!
* * * LOW HITPOINT WARNING * * *
The vampire mosquito draws strength from your injuries!
The boulder beetle leaps!
You block the vampire mosquito's attack.
The boulder beetle leaps!
You slash the vampire mosquito!
You destroy the vampire mosquito!
Trog accepts your kill.
You feel yourself speed up.
A vampire mosquito comes into view.
The vampire mosquito moves out of view.
The boulder beetle leaps!
You see here a vampire mosquito corpse.
A vampire mosquito comes into view.
The boulder beetle leaps!
The vampire mosquito moves out of view.
Your skin stops crawling.
You feel less strong-willed.
The vampire mosquito buzzes angrily.
You barely miss the vampire mosquito. The vampire mosquito bites you.
* * * LOW HITPOINT WARNING * * *
The vampire mosquito draws strength from your injuries!
You hit the vampire mosquito. You headbutt the vampire mosquito!
The vampire mosquito is severely damaged.
The vampire mosquito closely misses you.
The vampire mosquito misses you.
You slash the vampire mosquito!
You destroy the vampire mosquito!
Trog accepts your kill.
You recover from your berserk rage.
You hear the faint crackling of a distant melting archway.
The boulder beetle curls into a ball and begins rolling!
Found a stone staircase leading up.
A wraith comes into view.
You rampage towards the wraith!
A wraith comes into view.
A freezing wraith and a wraith come into view.
Found an escape hatch in the ceiling.
A death knight comes into view. It is wielding a +2 battleaxe.
The boulder beetle hits you!!!
You die...

#...##....##.†....
#...#####.........
#......○...†......
#######..B°○○..###......
#.........###..# #......
###○###........#*#......
##°#######...^...#.....
#..W○B.# #........#..○#
#..###@#*#........#####
*****#..# #...#........>,*
*,,,....# ###.#,,.....#,,***
*,,p...<#** *.#,,.....,,,,,,
*........,* *,#,,,,,,,,,,,,*
*.....WW#,***,,,,,,,,,**,,,,
*........,,,<,,,,,,,,,***,,,
******,,****,,,,,,,,,,***,,,
*,,,,,,,,***,,,,,,*,,*,,,,


You could see a boulder beetle (rolling) and a wraith.

Vanquished Creatures
  3 boulder beetles
  A hydra (D:11)
  2 two-headed ogres
  A centaur warrior (D:14)
  3 death yaks (D:8)
  2 skeletal warriors (D:14)
  A deep elf pyromancer (D:14)
  An ugly thing (D:13)
  Maggie (D:8)
  A kobold demonologist (D:12)
  An efreet (D:14)
  A freezing wraith (D:14)
  3 trolls
  A hornet (D:8)
  6 slime creatures
  A meliai zombie (D:11)
  5 yaks
  A shadow (D:9)
  2 vampire mosquitoes (D:12)
  2 chaos spawn (D:9)
  An acid dragon (D:9)
  Edmund (D:6)
  A black bear (D:6)
  6 orc warriors
  An ice beast (D:7)
  2 sky beasts
  2 necrophages (D:6)
  3 ogres
  2 centaurs (D:8)
  A phantom (D:4)
  A gnoll sergeant (D:7)
  3 bullfrogs
  3 scorpions
  A wyvern skeleton (D:7)
  12 killer bees
  8 wights
  3 howler monkeys
  4 jellies
  7 centaur zombies
  3 hounds
  A centaur skeleton (D:7)
  4 iguanas
  4 orc wizards
  2 hound skeletons
  3 howler monkey zombies
  7 adders
  8 gnolls
  2 howler monkey skeletons
  A shadow imp (D:7)
  2 white imps
  2 ufetubi
  An adder zombie (D:5)
  The ghost of edsrzf the Sneak, a weakling HODe of Beogh (D:4)
  A dart slug (D:4)
  2 worms
  29 orcs
  8 endoplasms
  2 giant cockroaches
  9 goblins
  5 hobgoblins
  4 jackals (D:4)
  9 kobolds
  4 quokkas
  9 ball pythons
  7 bats
  A frilled lizard (D:1)
  A quokka skeleton (D:4)
  3 rats
236 creatures vanquished.

Vanquished Creatures (others)
  A wizard (D:7)
  4 plants (D:4)
5 creatures vanquished.

Grand Total: 241 creatures vanquished

Notes
Turn   | Place    | Note
-------+----------+-------------------------------------------
     0 | D:1      | jimeh the Minotaur Berserker began the quest for the Orb.
     0 | D:1      | Reached XP level 1. HP: 19/19 MP: 0/0
   301 | D:1      | Reached XP level 2. HP: 25/27 MP: 1/1
   535 | D:1      | Reached skill level 4 in Axes
   894 | D:2      | Found a faded altar of an unknown god.
   910 | D:2      | Reached XP level 3. HP: 30/33 MP: 2/2
  1063 | D:2      | Reached ** piety under Trog
  1433 | D:2      | Reached XP level 4. HP: 36/41 MP: 3/3
  1721 | D:3      | Reached skill level 5 in Axes
  2012 | D:3      | Reached XP level 5. HP: 38/47 MP: 4/4
  2567 | D:4      | Found a shimmering blue altar of Sif Muna.
  2598 | D:4      | Found a blossoming altar of Fedhas.
  2660 | D:4      | Found a large runed translucent door.
  2660 | D:4      | Found a large runed translucent door.
  2662 | D:4      | Noticed a phantom
  2667 | D:4      | Killed a phantom
  2693 | D:4      | Reached skill level 6 in Axes
  2693 | D:4      | Reached XP level 6. HP: 27/55 MP: 5/5
  2893 | D:4      | Reached skill level 5 in Fighting
  3018 | D:4      | Found a glowing silver altar of Zin.
  3026 | D:4      | Found a white marble altar of Elyvilon.
  3091 | D:4      | Reached skill level 5 in Armour
  3616 | D:4      | Found a glowing golden altar of the Shining One.
  3622 | D:4      | HP: 2/56 [acid (10)]
  3942 | D:4      | Found a runed translucent door.
  3947 | D:4      | Noticed edsrzf's ghost (weakling HODe)
  4044 | D:4      | Killed edsrzf's ghost
  4468 | D:5      | Entered Level 5 of the Dungeon
  4473 | D:5      | Reached XP level 7. HP: 61/61 MP: 6/6
  4561 | D:5      | Found an ornate altar of the Wu Jian Council.
  4753 | D:5      | Reached skill level 7 in Axes
  4760 | D:5      | Reached *** piety under Trog
  4994 | D:5      | Found a staircase to the Ecumenical Temple.
  5103 | D:5      | Reached skill level 8 in Axes
  5103 | D:5      | Reached XP level 8. HP: 58/70 MP: 7/7
  5416 | D:6      | Reached skill level 9 in Axes
  5640 | D:6      | Noticed Edmund
  5651 | D:6      | Killed Edmund
  6174 | D:6      | Found an opulent altar of Gozag.
  6398 | D:7      | Reached skill level 10 in Axes
  6440 | D:7      | Found a bloodstained altar of Trog.
  6446 | D:7      | Noticed a wizard
  6451 | D:7      | Killed a wizard
  6661 | D:7      | Reached XP level 9. HP: 76/78 MP: 8/8
  6887 | D:8      | Found a staircase to the Lair.
  6887 | D:8      | Noticed a death yak
  6887 | D:8      | Noticed a death yak
  6889 | D:8      | Noticed a death yak
  6903 | D:8      | Killed a death yak
  6904 | D:8      | Reached skill level 11 in Axes
  6912 | D:8      | Killed a death yak
  6919 | D:8      | Reached skill level 12 in Axes
  7162 | D:8      | Reached XP level 10. HP: 90/90 MP: 9/9
  7541 | D:8      | Killed a death yak
  7542 | D:8      | Reached skill level 5 in Dodging
  7722 | D:8      | Reached skill level 1 in Shields
  7997 | D:8      | Found Deis's Magic Scroll Boutique.
  8005 | D:8      | Bought a scroll of fog for 26 gold pieces
  8005 | D:8      | Bought a scroll of summoning for 123 gold pieces
  8005 | D:8      | Bought a scroll of magic mapping for 45 gold pieces
  8005 | D:8      | Bought a scroll of noise for 13 gold pieces
  8005 | D:8      | Bought a scroll of fear for 45 gold pieces
  8005 | D:8      | Bought a scroll of vulnerability for 97 gold pieces
  8023 | D:8      | Noticed Maggie
  8031 | D:8      | Killed Maggie
  8031 | D:8      | Reached **** piety under Trog
  8549 | D:9      | Reached skill level 5 in Shields
  8983 | D:9      | Found a transporter.
  8983 | D:9      | Noticed Vixxxy's ghost (journeyman TeFE)
  8986 | D:9      | Found a transporter.
  9200 | D:9      | Found a shimmering altar of Xom.
  9202 | D:9      | Found the +7 mace of Variability {chain chaos}
  9290 | D:9      | Noticed a two-headed ogre
  9296 | D:9      | Killed a two-headed ogre
  9297 | D:9      | Reached skill level 10 in Fighting
  9544 | D:9      | Found a staircase to the Orcish Mines.
  9548 | D:9      | Reached XP level 11. HP: 102/102 MP: 10/10
  9610 | D:9      | Found a hazy altar of Hepliaklqana.
  9825 | D:10     | Entered Level 10 of the Dungeon
  9932 | D:10     | Found a snail-covered altar of Cheibriados.
 10145 | D:10     | Reached skill level 13 in Axes
 10715 | D:11     | Noticed a five-headed hydra
 10717 | D:11     | Noticed a two-headed ogre
 10725 | D:11     | Killed an 11-headed hydra
 10730 | D:11     | Killed a two-headed ogre
 10731 | D:11     | Reached skill level 14 in Axes
 10733 | D:11     | Identified the +1 leather armour "Dasuliy" {Contam Rampage
                  | Str+8 Slay+5}
 11003 | D:11     | You fall into a shaft and drop 3 floors!
 11003 | D:14     | Noticed a boulder beetle
 11009 | D:14     | Killed a boulder beetle
 11011 | D:14     | Reached skill level 15 in Axes
 11139 | D:14     | Found a transporter.
 11140 | D:14     | Noticed an orc knight
 11140 | D:14     | Noticed a two-headed ogre
 11142 | D:14     | Noticed lyrin's ghost (journeyman TrFi)
 11143 | D:14     | Noticed a tengu warrior
 11143 | D:14     | Noticed a tengu warrior
 11144 | D:14     | Found a bloodstained altar of Trog.
 11153 | D:14     | Found a transporter.
 11163 | D:14     | Noticed a two-headed ogre
 11190 | D:14     | Noticed a boulder beetle
 11196 | D:14     | Noticed a centaur warrior
 11201 | D:14     | Killed a boulder beetle
 11216 | D:14     | Killed a centaur warrior
 11411 | D:14     | Noticed a deep elf pyromancer
 11414 | D:14     | Killed a deep elf pyromancer
 11415 | D:14     | Reached skill level 16 in Axes
 11512 | D:14     | Noticed a skeletal warrior
 11512 | D:14     | Noticed a skeletal warrior
 11523 | D:14     | Killed a skeletal warrior
 11525 | D:14     | Killed a skeletal warrior
 11526 | D:14     | Reached skill level 10 in Armour
 11526 | D:14     | Noticed a skeletal warrior
 11526 | D:14     | Noticed a skeletal warrior
 11672 | D:13     | Noticed a green ugly thing
 11677 | D:13     | Killed a green ugly thing
 11678 | D:13     | Reached XP level 12. HP: 110/110 MP: 11/11
 11698 | D:13     | Found a gate to the Vaults.
 11698 | D:13     | Noticed a centaur warrior
 11698 | D:13     | Noticed a vault guard
 11698 | D:13     | Noticed a centaur warrior
 11698 | D:13     | Noticed a vault guard
 11698 | D:13     | Noticed a vault guard
 11698 | D:13     | Noticed a centaur warrior
 11698 | D:13     | Noticed a vault guard
 11698 | D:13     | Noticed a five-headed hydra
 11698 | D:13     | Noticed an eight-headed hydra
 11698 | D:13     | Noticed a seven-headed hydra
 11761 | D:12     | Noticed a boulder beetle
 11783 | D:12     | Killed a boulder beetle
 11784 | D:12     | Reached skill level 17 in Axes
 11799 | D:12     | Noticed a boulder beetle
 11825 | D:12     | Noticed a death knight
 11827 | D:12     | Annihilated by a boulder beetle

Illustrated notes

Levels and vault maps discovered:
D:1:      eino_arrival_water_star, layout_loops_ring
D:2:      layout_basic, hellmonk_ecumenical_altar_blasted,
          minmay_splitting_lines
D:3:      layout_basic, minivault_19
D:4:      layout_loops_ring, fedhas_ov_isle_minmay, kennysheep_little_box,
          jmf_multi_god_temple2, tso_metal_star, ebering_ghost_reflecting_pool,
          corexii_leaking_fountain, sigmund_army
D:5:      layout_cave_pools, nicolae_wu_jian_wuxing_cycle,
          minmay_temple_entry_slanted, kennysheep_opposing_triangles
D:6:      layout_basic, general_overflow_altar, uniq_edmund
D:7:      layout_cave_pools, trog_wizard
D:8:      layout_basic, dpeg_lair_monsters, serial_shops, shop,
          minmay_tree_intersection, uniq_maggie
D:9:      layout_loops_ring, lemuel_crystal_altar, david_orc_2,
          gammafunk_ghost_arena, grunt_ministairs_8,
          minmay_guarded_unrand_variability
D:10:     layout_loops_ring, slow_altar_1, grunt_ogre_cave,
          minmay_misc_feat_more_columns
D:11:     layout_gridville, special_room [special_room_bee], uniq_grum,
          uniq_erolcha
D:12:     layout_rooms, portal_ice_cave_demonic_guard, minmay_rotating_lava,
          uniq_snorg, uniq_jorgrun, uniq_urug
D:13:     minmay_tri_box, layout_basic, lightli_vaults_fourway_checkpoint,
          hangedman_abyss_or_decor_passed, uniq_azrael
D:14:     layout_loops_cross, gammafunk_ghost_wrathful_warriors,
          corexii_hall_statues_l

Skill      XL: |  1  2  3  4  5  6  7  8  9 10 11 12 |
---------------+-------------------------------------+-----
Axes           | 4 5 6 8 10 12 16 17 | 17.2
Fighting       | 4 5 6 8 11 | 11.6
Armour         | 3 4 5 6 7 9 10 | 10.5
Dodging        | 3 4 5 |  5.0
Shields        | 6 |  6.0

Action                   |  1- 3 |  4- 6 |  7- 9 | 10-12 || total
-------------------------+-------+-------+-------+-------++-------
Melee: Hand axe          |    72 |   137 |    78 |   273 ||   560
       Headbutt          |     7 |    20 |    31 |    62 ||   120
       Punch             |       |     1 |     1 |       ||     2
       War axe           |       |       |    77 |       ||    77
Throw: Javelin           |       |       |       |     3 ||     3
Invok: Berserk           |     1 |     6 |     6 |    15 ||    28
       Trog's Hand       |       |       |       |     2 ||     2
  Use: Scroll            |       |     4 |     1 |     8 ||    13
       Potion            |       |       |       |     7 ||     7
Armor: Animal skin       |     2 |       |       |       ||     2
       Scale mail        |    29 |    48 |    63 |    20 ||   160
       Swamp dragon scal |       |       |       |    30 ||    30
       Leather armour    |       |       |       |     5 ||     5
Dodge: Dodged            |    47 |    63 |    63 |    88 ||   261
Block: Buckler           |       |       |     9 |    61 ||    70
